 Dungeon Crawl Stone Soup version 0.27-a0-385-g3208abaabc (webtiles) character file.

Game seed: 15172420191937527516

8165 Morbidden the Zephyrmancer (level 10, -5/80 HPs)
             Began as a Demigod Air Elementalist on Feb 18, 2021.
             Slain by a yak (6 damage)
             ... on level 1 of the Lair of Beasts.
             The game lasted 00:24:39 (15975 turns).

Morbidden the Zephyrmancer (DgAE)                  Turns: 15975, Time: 00:24:40

Health: -5/80      AC: 12    Str:  9    XL:     10   Next: 78%
Magic:  17/35      EV: 11    Int: 35    God:
Gold:   540        SH:  7    Dex: 14    Spells: 17/25 levels left

rFire    . . .     SeeInvis .   a - +0 scimitar (flame)
rCold    . . .     Faith    .   A - +0 kite shield
rNeg     . . .     Spirit   .   M - +2 leather armour "Javaille" {Will+}
rPois    .         Reflect  .   o - +0 helmet
rElec    .         Harm     .   N - +2 cloak
rCorr    .         Rampage  .   s - +0 pair of gloves
Will     ++...                  w - +1 pair of boots
Stlth    ++........             E - amulet of regeneration
HPRegen  1.23/turn              P - ring of magical power
MPRegen  0.24/turn              c - +6 ring of intelligence

@: no status effects
A: high mp 1
a: no special abilities


You were on level 1 of the Lair of Beasts.
You visited 2 branches of the dungeon, and saw 11 of its levels.

You collected 540 gold pieces.

Inventory:

Hand Weapons
 a - a +0 scimitar of flaming (weapon)
 b - the +11 hunting sling "Jise" {speed, rN+ Will++}
   (You found it on level 7 of the Dungeon)

   Attacks with this weapon are significantly faster.
   It protects you from negative energy.
   It affects your willpower, your defense against some magical effects.
Missiles
 F - a curare-tipped dart
 L - 51 sling bullets
Armour
 o - a +0 helmet (worn)
 s - a +0 pair of gloves (worn)
 w - a +1 pair of boots (worn)
 A - a +0 kite shield (worn)
 M - the +2 leather armour "Javaille" (worn) {Will+}
   (You took it off an orc wizard on level 9 of the Dungeon)

   It affects your willpower, your defense against some magical effects.
 N - a +2 cloak (worn)
Jewellery
 c - a +6 ring of intelligence (right hand)
 d - a ring of fire
 m - a +6 ring of strength
 E - an amulet of regeneration (around neck)
 P - a ring of magical power (left hand)
Wands
 k - a wand of paralysis (18)
 t - a wand of iceblast (13)
 y - a wand of charming (6)
 I - a wand of polymorph (13)
Scrolls
 f - 3 scrolls of amnesia {unknown}
 j - 3 scrolls of immolation {unknown}
 p - a scroll of noise {unknown}
 q - 2 scrolls of blinking {unknown}
 r - 4 scrolls of enchant armour {unknown}
 u - 2 scrolls of random uselessness {unknown}
 x - a scroll of fog {unknown}
 B - 5 scrolls of identify
 G - a scroll of enchant weapon {unknown}
 K - a scroll of teleportation
Potions
 e - a potion of degeneration {unknown}
 g - 5 potions of curing
 h - a potion of lignification {unknown}
 i - 2 potions of mutation {unknown}
 l - 2 potions of attraction {unknown}
 n - a potion of cancellation {unknown}
 v - 2 potions of heal wounds {unknown}
 z - a potion of berserk rage {unknown}
 C - 2 potions of haste
 H - a potion of magic {unknown}
 J - a potion of flight {unknown}
 O - a potion of invisibility {unknown}


   Skills:
 * Level 4.9 Fighting
 + Level 1.2(1.5) Short Blades
 * Level 1.2(1.5) Long Blades
 + Level 1.7 Slings
 + Level 0.2 Armour
 * Level 4.9 Dodging
 + Level 2.4 Stealth
 * Level 1.6 Shields
 + Level 1.0 Unarmed Combat
 * Level 8.4 Spellcasting
 * Level 5.5 Conjurations
 * Level 8.8 Air Magic


You had 17 spell levels left.
You knew the following spells:

 Your Spells              Type           Power        Failure   Level
a - Airstrike             Air            33%          6%          4
b - Static Discharge      Conj/Air       60%          3%          3
c - Shock                 Conj/Air       100%         1%          1

Your spell library contained the following spells:

 Spells                   Type           Power        Failure   Level
 Swiftness                Air            67%          1%          2
 Magic Dart               Conj           100%         2%          1
 Mephitic Cloud           Conj/Pois/Air  48%          10%         3
 Conjure Flame            Conj/Fire      34%          22%         3
 Lightning Bolt           Conj/Air       30%          32%         5
 Blink                    Tloc           N/A          34%         2
 Call Imp                 Summ           14%          34%         2
 Slow                     Hex            14%          34%         2


Dungeon Overview and Level Annotations

Branches:
Dungeon (10/15)            Temple (0/1) D:6            Lair (1/6) D:9
    Orc: D:9-12

Annotations:
D:3 Grinder
D:5 2 transporters
D:10 Erolcha


Innate Abilities, Weirdness & Mutations

You have an increased reservoir of magic. (+10% MP)


Message History

The yak is struck by an arc of lightning.
The yak is almost dead.
The yak is struck by an arc of lightning.
The yak is lightly wounded.
The lightning grounds out.
The yak gores you but does no damage. The yak gores you! The yak gores you.
The yak gores you but does no damage. The yak gores you!
* * * LOW HITPOINT WARNING * * *
The yak gores you but does no damage. The yak gores you!
* * * LOW HITPOINT WARNING * * *
Your magical contamination has completely faded away.
Unknown command.
Casting: Static Discharge (mildly dangerous; 3% risk of failure)
Confirm with . or Enter, or press ? or * to list all spells.
The cane toad is struck by an arc of lightning.
The cane toad is lightly wounded.
The yak is struck by an arc of lightning.
You kill the yak!
The cane toad is struck by an arc of lightning!
The cane toad is moderately wounded.
The lightning grounds out.
The yak is struck by an arc of lightning!
The yak is almost dead.
You are struck by an arc of lightning.
* * * LOW HITPOINT WARNING * * *
The cane toad is struck by an arc of lightning.
The cane toad is heavily wounded.
The yak is struck by an arc of lightning!
The yak is moderately wounded.
The lightning grounds out.
The yak closely misses you. The cane toad completely misses you.
You riposte.
You barely miss the cane toad.
The cane toad is heavily wounded.
You block the yak's attack. The yak gores you.
* * * LOW HITPOINT WARNING * * *
You block the cane toad's attack. You block the yak's attack.
The yak gores you!
* * * LOW HITPOINT WARNING * * *
The yak gores you.
You die...

#P.............#
#...##
##...#....#.....
##...#
#...#....#....#
#....##
....#....#....#
##....# ##+##....#
#P...## .........#
##...# .........#
#....#
......F†.#######...#
......Y@...........#
......YY...........#
....##.#...........#
..# ...#...........#
. #....#...........#
+....#...........#
......#...........P#
.#................##
....P...........#


You could see 3 yaks and a cane toad.

Vanquished Creatures
  Erica (D:9)
  Pikel (D:8)
  Joseph (D:9)
  Psyche (D:9)
  A gargoyle (D:8)
  A hornet (D:9)
  3 yaks (Lair:1)
  A wyvern (D:9)
  Grum (D:9)
  A water moccasin (D:7)
  A black bear (Lair:1)
  3 ice beasts
  3 sky beasts
  2 orc warriors
  5 wolves
  5 ogres
  An eye of draining (D:9)
  4 centaurs
  A kobold brigand (D:9)
  4 phantoms
  5 bullfrogs
  2 scorpions
  4 killer bees (D:9)
  6 wights (D:9)
  8 howler monkeys
  2 electric eels (D:6)
  A centaur zombie (D:5)
  A quasit (D:9)
  A bullfrog zombie (D:6)
  10 orc priests
  4 hounds
  3 jellies
  3 bullfrog skeletons
  A centaur skeleton (D:8)
  8 orc wizards
  An iguana (D:5)
  Natasha (thrice) (D:4)
  5 worker ants
  A hound zombie (D:9)
  2 hound skeletons
  14 adders
  3 shadow imps
  4 white imps
  3 oozes
  An adder skeleton (D:5)
  2 worms
  3 dart slugs
  2 leopard geckos
  27 orcs
  5 giant cockroaches
  11 hobgoblins
  19 jackals
  7 kobolds
  3 quokkas
  A ball python (D:5)
  10 bats
  10 frilled lizards
  9 goblins
  An orc skeleton (D:10)
  2 quokka skeletons
  11 rats
260 creatures vanquished.

Vanquished Creatures (collateral kills)
  An orc warrior (D:9)
  2 orcs (D:9)
3 creatures vanquished.

Vanquished Creatures (others)
  3 fungi
  10 plants
13 creatures vanquished.

Grand Total: 276 creatures vanquished

Notes
Turn   | Place    | Note
-------+----------+-------------------------------------------
     0 | D:1      | Morbidden the Demigod Air Elementalist began the quest for
                  | the Orb.
     0 | D:1      | Reached XP level 1. HP: 14/14 MP: 5/5
   131 | D:1      | Reached skill level 1 in Fighting
   298 | D:1      | Reached XP level 2. HP: 22/23 MP: 0/7
   467 | D:1      | Reached skill level 1 in Conjurations
   872 | D:1      | Reached XP level 3. HP: 28/28 MP: 0/8
  1503 | D:1      | Learned a level 3 spell: Static Discharge
  1523 | D:2      | Found a broken altar of Ashenzari.
  1661 | D:2      | Reached skill level 1 in Unarmed Combat
  1961 | D:2      | Found a sparkling altar of Nemelex Xobeh.
  2022 | D:2      | Reached XP level 4. HP: 35/35 MP: 8/10
  3085 | D:2      | Reached XP level 5. HP: 24/40 MP: 3/12
  3472 | D:3      | Noticed Grinder
  3687 | D:3      | You fall into a shaft and drop 2 floors!
  3687 | D:5      | Entered Level 5 of the Dungeon
  3824 | D:5      | Found a transporter.
  3942 | D:5      | Noticed an ice beast
  4054 | D:5      | Killed an ice beast
  4055 | D:5      | Reached XP level 6. HP: 27/48 MP: 2/14
  4343 | D:5      | Found a transporter.
  4473 | D:5      | Found a hide-covered altar of Uskayaw.
  4690 | D:5      | Reached XP level 7. HP: 36/55 MP: 16/16
  4776 | D:5      | Found a snail-covered altar of Cheibriados.
  5309 | D:5      | Learned a level 4 spell: Airstrike
  5587 | D:5      | Reached skill level 1 in Short Blades
  5907 | D:4      | Reached skill level 5 in Air Magic
  6797 | D:4      | Noticed Natasha
  6799 | D:4      | Killed Natasha
  7136 | D:4      | Noticed Natasha
  7138 | D:4      | Killed Natasha
  7651 | D:4      | Noticed Natasha
  7653 | D:4      | Killed Natasha
  8515 | D:5      | Reached XP level 8. HP: 55/62 MP: 1/18
  8872 | D:6      | Found a staircase to the Ecumenical Temple.
  9154 | D:6      | Found a blossoming altar of Fedhas.
  9209 | D:6      | Found a glowing golden altar of the Shining One.
  9240 | D:6      | Reached skill level 5 in Spellcasting
 10158 | D:7      | Got a crystal hunting sling
 10161 | D:7      | Identified the +11 hunting sling "Jise" {speed, rN+ Will++}
                  | (You found it on level 7 of the Dungeon)
 11561 | D:8      | Noticed a gargoyle
 11563 | D:8      | Killed a gargoyle
 11564 | D:8      | Reached XP level 9. HP: 70/70 MP: 12/22
 11940 | D:8      | Noticed Pikel
 11945 | D:8      | Killed Pikel
 12203 | D:8      | Reached skill level 1 in Slings
 12475 | D:8      | Found a basalt altar of Yredelemnul.
 12491 | D:8      | Found a shadowy altar of Dithmenos.
 12698 | D:8      | Reached skill level 5 in Conjurations
 13059 | D:9      | Found a staircase to the Lair.
 13067 | D:9      | Noticed Grum
 13070 | D:9      | Killed Grum
 13225 | D:9      | Noticed Joseph
 13230 | D:9      | Killed Joseph
 13414 | D:9      | Reached XP level 10. HP: 78/78 MP: 16/25
 13688 | D:9      | Found an ornate altar of the Wu Jian Council.
 14044 | D:9      | Identified the +2 leather armour "Javaille" {Will+}
 14151 | D:9      | Noticed Erica
 14157 | D:9      | Killed Erica
 14279 | D:9      | Reached skill level 1 in Shields
 14721 | D:9      | Noticed Psyche
 14725 | D:9      | Killed Psyche
 14726 | D:9      | Reached skill level 1 in Long Blades
 15377 | D:9      | Found an ornate altar of the Wu Jian Council.
 15408 | D:9      | Noticed a skeletal warrior
 15448 | D:10     | Entered Level 10 of the Dungeon
 15773 | D:10     | Noticed Erolcha
 15809 | Lair:1   | Entered Level 1 of the Lair of Beasts
 15975 | Lair:1   | HP: 1/80 [yak (8)]
 15975 | Lair:1   | Slain by a yak

Illustrated notes

Levels and vault maps discovered:
D:1:      lemuel_arrival_tunnels, layout_loops_cross
D:2:      kb_forest_paths, layout_rooms, ashenzari_conservatory_becter,
          nemelex_spade_bored_becter
D:3:      layout_basic, uniq_grinder
D:4:      layout_gridville, uniq_natasha
D:5:      gammafunk_steamed_eel, layout_loops_ring, lemuel_crystal_altar,
          st_stairs_11, corexii_item_surrounded_by_moat, minivault_26,
          nicolae_zen_rock_garden, corexii_item_surrounded_by_moat,
          cheibriados_altar_1
D:6:      layout_loops_ring, kennysheep_little_box, fedhas_ov_isle_minmay,
          minmay_temple_entry_poolview, minmay_misc_feat_rows,
          kennysheep_minor_cross
D:7:      layout_gridville
D:8:      layout_layer_cave, grunt_dithmenos_smoke_and_mirrors, basic_altar,
          uniq_pikel
D:9:      hangedman_cross_stitches, layout_loops_corners,
          nzn_wu_jian_council_hall, dpeg_oklobed_lair, basic_altar, uniq_joseph,
          uniq_erica, uniq_psyche, uniq_grum
D:10:     layout_cave_pools, zombieorc1_lemuel, nicolae_straight_to_the_point,
          uniq_erolcha, uniq_fannar
Lair:1:   layout_chaotic_city, wad_woods_road_03, amcnicky_mini_pool_medium,
          grunt_megastairs_1

Skill      XL: |  1  2  3  4  5  6  7  8  9 10 |
---------------+-------------------------------+-----
Fighting       | 1 2 3 4 |  4.9
Stealth        | 2 |  2.4
Conjurations   | 1 2 3 4 5 |  5.5
Air Magic      | 3 4 5 6 7 8 |  8.8
Dodging        | 2 3 4 |  4.9
Spellcasting   | 2 3 4 6 7 8 |  8.4
Unarmed Combat | 1 |  1.0
Short Blades   | 1 |  1.2
Slings         | 1 |  1.7
Shields        | 1 |  1.6
Long Blades    | 1 |  1.2
Armour         | |  0.2

Action                   |  1- 3 |  4- 6 |  7- 9 | 10-12 || total
-------------------------+-------+-------+-------+-------++-------
Melee: Unarmed           |    69 |       |       |       ||    69
       Short sword       |     4 |    72 |    49 |       ||   125
       Punch             |       |     1 |       |       ||     1
       Scimitar          |       |       |       |    20 ||    20
 Fire: Hunting sling     |       |       |    29 |    35 ||    64
 Cast: Shock             |    95 |   124 |   140 |    21 ||   380
       Static Discharge  |       |    20 |    23 |     6 ||    49
       Airstrike         |       |       |    66 |    57 ||   123
Evoke: Wand              |       |       |       |     1 ||     1
  Use: Scroll            |       |     4 |     1 |     2 ||     7
 Stab: Sleeping          |       |       |     1 |     1 ||     2
Armor: Robe              |    22 |    13 |    19 |     2 ||    56
       Leather armour    |       |       |       |    10 ||    10
Dodge: Dodged            |    64 |    73 |    52 |    31 ||   220
Block: Kite shield       |       |       |       |    16 ||    16
       Rpst.: Scimitar   |       |       |       |     9 ||     9

Table legend: (Time is in decaauts)
 A = Elapsed time spent in this place.
 B = Non-inter-level travel time spent in this place.
 C = Inter-level travel time spent in this place.
 D = Time resting spent in this place.
 E = Time spent auto-exploring this place.
 F = Levels seen in this place.
 G = Mean time per level.
                   A        B        C        D        E       F      G
               +--------+--------+--------+--------+--------+-----+--------+
         Total |  15942 |  15184 |    758 |    548 |  12912 |  11 | 1449.3 |
       Dungeon |  15770 |  15012 |    758 |    548 |  12776 |  10 | 1577.0 |
          Lair |    171 |    171 |      0 |      0 |    136 |   1 |  171.0 |
               +--------+--------+--------+--------+--------+-----+--------+

Top non-repeatable levels by time:
     D:4: 2779 daAuts
     D:9: 2414 daAuts
     D:5: 2273 daAuts
     D:1: 1635 daAuts
     D:2: 1538 daAuts
     D:6: 1528 daAuts
     D:8: 1516 daAuts
     D:7: 1061 daAuts
     D:3: 684 daAuts
    D:10: 339 daAuts
  Lair:1: 171 daAuts
